 Dungeon Crawl Stone Soup version 0.22-a0-258-g34c0b7be20 (webtiles) character file.

1600 RedPan the Firebug (level 8, -6/52 HPs)
             Began as a Mummy Fire Elementalist on Mar 5, 2018.
             Was an Initiate of Vehumet.
             Shot with a sling bullet by Joseph (14 damage)
             ... on level 7 of the Dungeon.
             The game lasted 00:13:27 (6861 turns).

RedPan the Firebug (Mummy Fire Elementalist)        Turns: 6861, Time: 00:13:28

Health: -6/52      AC:  6    Str: 11    XL:     8   Next: 62%
Magic:  5/12       EV: 15    Int: 16    God:    Vehumet [......]
Gold:   211        SH:  5    Dex: 13    Spells: 2/12 levels left

rFire    x . .     SeeInvis +   i - +3 falchion
rCold    + . .     Gourm    .   k - +0 buckler
rNeg     + + +     Faith    .   a - +1 robe
rPois    ∞         Spirit   .   c - +1 helmet
rElec    .         Reflect  .   (no cloak)
rCorr    .         Harm     .   e - +0 pair of gloves
MR       +....                  (no boots)
Stlth    ++........             o - amulet of magic regeneration
HPRegen  0.17/turn              q - +3 ring of evasion
MPRegen  0.38/turn              n - ring of see invisible

@: no status effects
A: no food or potions, fire vulnerability, cold resistance 1, negative energy
resistance 3, torment resistance, unbreathing
a: Renounce Religion


You were on level 7 of the Dungeon.
You worshipped Vehumet.
Vehumet was noncommittal.
You were not hungry.

You visited 1 branch of the dungeon, and saw 7 of its levels.

You collected 211 gold pieces.

Inventory:

Hand Weapons
 i - a +3 falchion (weapon)
 s - a +1 dagger of venom
Armour
 a - a +1 robe (worn)
 c - a +1 helmet (worn)
 e - a +0 pair of gloves (worn)
 k - a +0 buckler (worn)
Jewellery
 n - a ring of see invisible (right hand)
 o - an amulet of magic regeneration (around neck)
 q - a +3 ring of evasion (left hand)
Wands
 m - a wand of paralysis (8)
 p - a wand of polymorph (14)
Scrolls
 b - a scroll of identify
 d - 4 scrolls of enchant weapon
 f - 4 scrolls of fog
 j - 3 scrolls of fear
 l - a scroll of teleportation
 r - a scroll of immolation


   Skills:
 - Level 1.5 Dodging
 - Level 1.5 Stealth
 - Level 4.0 Shields
 - Level 2.6 Spellcasting
 + Level 5.7 Conjurations
 + Level 6.2 Fire Magic


You had 2 spell levels left.
You knew the following spells:

 Your Spells              Type           Power        Failure   Level  Hunger
a - Flame Tongue          Conj/Fire      ###..        1%          1    N/A
b - Conjure Flame         Conj/Fire      ###.....     4%          3    N/A
c - Sticky Flame          Conj/Fire      ###.....     16%         4    N/A
d - Throw Flame           Conj/Fire      ###...       2%          2    N/A

Dungeon Overview and Level Annotations

Branches:
Dungeon (7/15)
 Temple: D:4-7

Altars:
Ashenzari
Fedhas
Hepliaklqana
Vehumet

Shops:
D:4 !

Annotations:
D:7 Joseph


Innate Abilities, Weirdness & Mutations

You do not eat or drink.
Your flesh is vulnerable to fire.
You are immune to poison.
Your flesh is cold resistant. (rC+)
You are immune to negative energy. (rN+++)
You are immune to unholy pain and torment.
You can survive without breathing.


Message History

Joseph is moderately wounded.
Joseph shoots a sling bullet.
The sling bullet hits you!
* * * LOW HITPOINT WARNING * * *
Casting: Flame Tongue (safe; 1% risk of failure)
Confirm with . or Enter, or press ? or * to list all spells.
Aiming: Flame Tongue (safe; 1% risk of failure)
Press: ? - help, Shift-Dir - straight line, f/p - Joseph
Aim: Joseph, wielding a hunting sling and wearing a ring mail (moderately wounded)
The flame tongue hits Joseph.
Joseph is heavily wounded.
Joseph shoots a sling bullet.
The sling bullet completely misses you.
Casting: Flame Tongue (safe; 1% risk of failure)
Confirm with . or Enter, or press ? or * to list all spells.
Aiming: Flame Tongue (safe; 1% risk of failure)
Press: ? - help, Shift-Dir - straight line, f/p - Joseph
Aim: Joseph, wielding a hunting sling and wearing a ring mail (heavily wounded)
The flame tongue hits Joseph.
Joseph is heavily wounded.
Joseph shoots a sling bullet.
The sling bullet hits you!
You die...

###
..#
#.#
#@#
#.#
#.#
#@#
#.#
#.#
#.#
#(#
#.#
#.#
#.#
#.#


You could see Joseph.

Vanquished Creatures
  A hungry ghost (D:3)
  Menkaure (D:4)
  An orc warrior (D:4)
  2 ice beasts
  An ogre (D:4)
  2 centaurs (D:5)
  A bullfrog (D:6)
  A water moccasin skeleton (D:7)
  A howler monkey (D:5)
  3 crimson imps
  A hound (D:5)
  A bullfrog zombie (D:5)
  An iguana (D:2)
  8 worker ants
  A hound zombie (D:6)
  A worker ant zombie (D:6)
  Robin (D:4)
  A howler monkey skeleton (D:6)
  10 adders
  2 adder skeletons
  4 worms
  4 dart slugs
  5 leopard geckos
  17 orcs
  2 ball pythons
  6 giant cockroaches
  13 goblins
  12 hobgoblins
  4 jackals
  8 kobolds
  2 quokkas (D:3)
  5 bats
  9 frilled lizards
  6 rats
138 creatures vanquished.

Notes
Turn   | Place    | Note
-------+----------+-------------------------------------------
     0 | D:1      | RedPan the Mummy Fire Elementalist began the quest for the Orb.
     0 | D:1      | Reached XP level 1. HP: 13/13 MP: 4/4
    35 | D:1      | Reached skill level 1 in Conjurations
   151 | D:1      | Reached XP level 2. HP: 19/19 MP: 0/5
  1161 | D:1      | Reached skill level 3 in Fire Magic
  1161 | D:1      | Reached XP level 3. HP: 23/24 MP: 4/7
  1431 | D:2      | Reached XP level 4. HP: 30/30 MP: 5/8
  2589 | D:3      | Paralysed by a hobgoblin for 6 turns
  2833 | D:3      | Reached XP level 5. HP: 26/35 MP: 3/9
  2967 | D:3      | Noticed a hungry ghost
  3022 | D:3      | Killed a hungry ghost
  3022 | D:3      | Reached skill level 1 in Shields
  3022 | D:3      | Reached skill level 4 in Fire Magic
  3022 | D:3      | Reached XP level 6. HP: 8/41 MP: 0/10
  3292 | D:3      | Found a faded altar of an unknown god.
  3659 | D:3      | Found a hazy altar of Hepliaklqana.
  3660 | D:3      | Found a shattered altar of Ashenzari.
  3831 | D:4      | Learned a level 3 spell: Conjure Flame
  3836 | D:4      | Learned a level 4 spell: Sticky Flame
  3839 | D:4      | Learned a level 2 spell: Throw Flame
  4142 | D:4      | Noticed an orc warrior
  4245 | D:4      | Noticed an ice beast
  4253 | D:4      | Killed an ice beast
  4253 | D:4      | Reached XP level 7. HP: 46/46 MP: 4/11
  4446 | D:4      | Found Elleidieggi's Distillery.
  4565 | D:4      | Noticed Menkaure
  4569 | D:4      | Killed Menkaure
  4640 | D:4      | Reached skill level 5 in Fire Magic
  4941 | D:4      | Noticed Robin
  5054 | D:4      | Killed Robin
  5170 | D:5      | Entered Level 5 of the Dungeon
  5350 | D:5      | Reached XP level 8. HP: 51/52 MP: 7/12
  5728 | D:6      | Reached skill level 5 in Conjurations
  5861 | D:6      | Found a radiant altar of Vehumet.
  5909 | D:6      | Became a worshipper of Vehumet
  6180 | D:6      | Found a blossoming altar of Fedhas.
  6231 | D:6      | Reached skill level 6 in Fire Magic
  6848 | D:7      | Noticed Joseph
  6861 | D:7      | Shot with a sling bullet by Joseph

Vault maps used:
D:1:      dpeg_arrival_long_road
D:2:      first_ration, minmay_misc_feat_x
D:3:      minitemple, chequers_ecumenical_altar_simple
D:4:      serial_shops, shop_fountains, uniq_robin, uniq_menkaure
D:6:      overflow_temple_1_default, serial_bayou_pond_c, fedhas_altar_1
D:7:      minmay_temple_entry_nine_rooms, serial_shops, shop, uniq_joseph,
          uniq_duvessa

Skill      XL: |  1  2  3  4  5  6  7  8 |
---------------+-------------------------+-----
Conjurations   | 1 2 3 4 5 |  5.7
Fire Magic     | 3 4 5 6 |  6.2
Shields        | 1 2 3 4 |  4.0
Dodging        | |  1.5
Stealth        | |  1.5
Spellcasting   | |  2.6

Action                   |  1- 3 |  4- 6 |  7- 9 || total
-------------------------+-------+-------+-------++-------
Melee: Unarmed           |     6 |       |       ||     6
       Dagger            |    25 |    46 |    45 ||   116
       Falchion          |       |       |    28 ||    28
 Cast: Flame Tongue      |    47 |   119 |   174 ||   340
       Throw Flame       |       |     1 |     1 ||     2
       Conjure Flame     |       |     1 |       ||     1
  Use: Scroll            |       |     8 |     8 ||    16
Armor: Robe              |     6 |    27 |    35 ||    68
Dodge: Dodged            |    33 |    42 |    85 ||   160
Block: Buckler           |       |    15 |    36 ||    51
       Rpst.: Falchion   |       |       |    14 ||    14

Table legend:
 A = Spawn XP
 B = Non-spawn XP
 C = Spawn XP percentage of total XP
 D = Spawn monster count
 E = Non-spawn monster count
 F = Spawn count percentage of total count
 G = Total turns spent on level
                    A         B        C        D         E        F      G
               +---------+---------+-------+---------+---------+-------+---------
         Total |       0 |    2287 |   0.0 |       0 |     138 |   0.0 |  6861
               +---------+---------+-------+---------+---------+-------+---------
           D:1 |       0 |      44 |   0.0 |       0 |      25 |   0.0 |  1244
           D:2 |       0 |     119 |   0.0 |       0 |      23 |   0.0 |  1013
           D:3 |       0 |     259 |   0.0 |       0 |      28 |   0.0 |  1534
           D:4 |       0 |     739 |   0.0 |       0 |      29 |   0.0 |  1379
           D:5 |       0 |     500 |   0.0 |       0 |      10 |   0.0 |   543
           D:6 |       0 |     481 |   0.0 |       0 |      19 |   0.0 |   915
           D:7 |       0 |     145 |   0.0 |       0 |       4 |   0.0 |   233
               +---------+---------+-------+---------+---------+-------+---------
